 Dungeon Crawl Stone Soup version 0.25.1-2-g60ff931df9 (webtiles) character file.

Game seed: 2256324087528016723

4400 gruber the Martial Artist (level 10, -5/91 HPs)
             Began as a Naga Transmuter on Aug 23, 2020.
             Was an Initiate of Cheibriados.
             Slain by a hippogriff (7 damage)
             ... on level 8 of the Dungeon.
             The game lasted 00:14:17 (11100 turns).

gruber the Martial Artist (Naga Transmuter)        Turns: 11100, Time: 00:14:17

Health: -5/91      AC:  2    Str: 13    XL:     10   Next: 35%
Magic:  12/13      EV: 19    Int: 18    God:    Cheibriados [......]
Gold:   380        SH:  0    Dex: 18    Spells: 3/13 levels left

rFire    . . .     SeeInvis +     - Unarmed
rCold    . . .     Gourm    .   (shield currently unavailable)
rNeg     . . .     Faith    .   (armour currently unavailable)
rPois    x         Spirit   .   (helmet currently unavailable)
rElec    .         Reflect  .   (cloak currently unavailable)
rCorr    .         Harm     .   (gloves currently unavailable)
MR       +....                  (no barding)
Stlth    +++.......             (no amulet)
HPRegen  0.25/turn              (no ring)
MPRegen  0.13/turn              A - ring of see invisible (curse)

@: short of breath, spider-form, starving, very slow
A: tiny, see invisible, slow metabolism 1, spit poison 1, AC +3
a: Spit Poison, End Transformation, Bend Time, Renounce Religion


You were on level 8 of the Dungeon.
You worshipped Cheibriados.
Cheibriados was noncommittal.
You were starving.
You were a venomous arachnid creature.
You visited 2 branches of the dungeon, and saw 9 of its levels.

You collected 380 gold pieces.

Inventory:

Missiles
 a - 101 arrows
 h - 9 poisoned darts (quivered)
 p - 8 atropa-tipped darts
Armour
 w - a +1 pair of gloves (melded)
 z - a +2 robe of magic resistance (melded)
 C - the +2 ratskin cloak (melded) {+Rats rPois rN+ Str-1 Int-1 Dex+1}
   (You found it on level 6 of the Dungeon)

   It affects your strength (-1).
   It affects your intelligence (-1).
   It affects your dexterity (+1).
   It protects you from poison.
   It protects you from negative energy.
Jewellery
 e - an uncursed ring of stealth
 A - a cursed ring of see invisible (right front leg)
Wands
 s - a wand of flame (19)
 B - a wand of digging (4)
Scrolls
 b - a scroll of noise {unknown}
 c - 2 scrolls of remove curse {unknown}
 f - 4 scrolls of enchant weapon {unknown}
 g - 5 scrolls of enchant armour {unknown}
 l - 5 scrolls of teleportation {unknown}
 m - 2 scrolls of magic mapping {unknown}
 o - a scroll of random uselessness {unknown}
 t - 2 scrolls of immolation {unknown}
 v - 5 scrolls of identify {unknown}
 y - a scroll of amnesia {unknown}
 D - a scroll of fog {unknown}
Potions
 i - 2 potions of ambrosia {unknown}
 j - 2 potions of haste {unknown}
 k - 4 potions of curing
 n - a potion of magic {unknown}
 q - a potion of flight {unknown}
 r - a potion of resistance {unknown}
 u - a potion of cancellation {unknown}
 x - a potion of brilliance {unknown}
Comestibles
 d - 6 rations


   Skills:
 * Level 6.3 Fighting
 - Level 1.5 Dodging
 - Level 6.0 Stealth
 - Level 8.0 Unarmed Combat
 - Level 2.0 Spellcasting
 - Level 7.0 Transmutations
 - Level 6.4 Ice Magic
 - Level 5.6 Poison Magic


You had 3 spell levels left.
You knew the following spells:

 Your Spells              Type           Power        Failure   Level  Hunger
a - Beastly Appendage     Tmut           ####..       5%          1    #......
b - Sticks to Snakes      Tmut           ####....     7%          2    ###....
c - Spider Form           Tmut/Pois      ###.......   13%         3    ###....
d - Ice Form              Ice/Tmut       ####....     26%         4    #####..

Your spell library contained the following spells:

 Spells                   Type           Power        Failure   Level  Hunger
 Blade Hands              Tmut           ####......   50%         5    ######.


Dungeon Overview and Level Annotations

Branches:
Dungeon (8/15)             Temple (1/1) D:4
   Lair: D:8-11

Altars:
Cheibriados
Dithmenos
Elyvilon
Fedhas
Gozag
Hepliaklqana
Kikubaaqudgha
Makhleb
Nemelex Xobeh
Okawaru
Qazlal
Ru
Sif Muna
Trog
Uskayaw
Vehumet
Wu Jian
Xom
Yredelemnul
Zin
The Shining One
Lugonu


Innate Abilities, Weirdness & Mutations

You cannot wear boots.
((Your serpentine skin is tough. (AC +3)))
You have supernaturally acute eyesight. (SInv)
((Armour fits poorly on your strangely shaped body.))
((Your system is resistant to poisons. (rPois)))
((You cover ground very slowly.))
You have a slow metabolism.
You can spit poison.


Message History

The hippogriff completely misses you. The scorpion stings you!
* * * LOW HITPOINT WARNING * * *
Unknown command.
Unknown command.
You bite the hippogriff!
The hippogriff looks as sick as possible!
The hippogriff is almost dead.
The hippogriff bites you.
* * * LOW HITPOINT WARNING * * *
The hippogriff misses you. The hippogriff claws you.
* * * LOW HITPOINT WARNING * * *
The scorpion stings you.
* * * LOW HITPOINT WARNING * * *
The shadow imp gestures at you. You resist with some effort.
Unknown command.
You feel better. The hippogriff bites you.
* * * LOW HITPOINT WARNING * * *
The hippogriff pecks you!
You die...

..... #..# .. ##
...###.## .. ##.
##......##.# ##...
###..?....#..# ....
#...........## ###...
#............. ......###
#<...)..#..#..
......5.###....).##.(...
......Hs.(.(((.)).###...
......s..........###....
......######...._#......
...... ##.).........
...8' #........... ...#[
#.....!..... ...#
#........... ..
#........... ......##.


You could see a hippogriff (extremely poisoned), a scorpion and a shadow imp.

Vanquished Creatures
  Pikel (D:7)
  Psyche (D:8)
  A kobold demonologist (D:8)
  Prince Ribbit (D:5)
  Sigmund (D:2)
  A spriggan (D:7)
  Edmund (D:5)
  Duvessa (D:5)
  A water moccasin (D:5)
  An ice beast (D:7)
  A slave (D:7)
  A black bear (D:6)
  A necrophage (D:6)
  3 phantoms
  An ogre (D:5)
  4 centaurs
  A big kobold (D:8)
  5 bullfrogs
  Dowan (D:5)
  A scorpion (D:8)
  2 killer bees (D:7)
  4 wights (D:6)
  3 crimson imps
  2 bullfrog skeletons
  A centaur zombie (D:8)
  2 orc priests
  3 jellies
  3 orc wizards
  2 hounds
  2 iguanas
  Ijyb (D:3)
  Terence (D:2)
  A hell rat (D:6)
  A hound zombie (D:5)
  A hound skeleton (D:7)
  6 gnolls
  8 adders
  6 river rats (D:6)
  A shadow imp (D:6)
  4 oozes
  An adder skeleton (D:7)
  2 adder zombies
  A worm (D:4)
  3 leopard geckos
  17 orcs
  A ball python (D:4)
  5 bats
  5 giant cockroaches
  9 goblins
  4 hobgoblins
  A jackal (D:7)
  10 kobolds
  4 quokkas
  5 frilled lizards
  A leopard gecko zombie (D:8)
  23 rats
175 creatures vanquished.

Vanquished Creatures (collateral kills)
  A phantom (D:4)
1 creature vanquished.

Vanquished Creatures (others)
  3 slaves (D:7)
  An ogre (D:7)
  A killer bee (D:7)
  A hound zombie (D:7)
  A shadow imp (D:7)
  An adder zombie (D:7)
  A giant cockroach (D:7)
  2 jackals (D:7)
  A bat (D:2)
12 creatures vanquished.

Grand Total: 188 creatures vanquished

Notes
Turn   | Place    | Note
-------+----------+-------------------------------------------
     0 | D:1      | gruber the Naga Transmuter began the quest for the Orb.
     0 | D:1      | Reached XP level 1. HP: 18/18 MP: 3/3
   345 | D:1      | Reached XP level 2. HP: 15/25 MP: 3/5
   565 | D:1      | Reached skill level 4 in Unarmed Combat
   565 | D:1      | Reached XP level 3. HP: 26/31 MP: 4/6
  1217 | D:1      | Learned a level 2 spell: Sticks to Snakes
  1221 | D:1      | Learned a level 3 spell: Spider Form
  1983 | D:2      | Reached XP level 4. HP: 22/38 MP: 5/7
  2121 | D:2      | Noticed Terence
  2142 | D:2      | Killed Terence
  2142 | D:2      | Reached skill level 5 in Unarmed Combat
  2414 | D:2      | Reached skill level 1 in Poison Magic
  2494 | D:2      | Noticed Sigmund
  2903 | D:2      | Killed Sigmund
  2903 | D:2      | Reached skill level 5 in Poison Magic
  2903 | D:2      | Reached XP level 5. HP: 22/44 MP: 5/8
  2903 | D:2      | Reached XP level 6. HP: 26/51 MP: 5/9
  3090 | D:2      | Found a glowing golden altar of the Shining One.
  3114 | D:2      | Found a basalt altar of Yredelemnul.
  3116 | D:2      | Noticed a profane servitor
  3230 | D:2      | Noticed an angel
  3479 | D:3      | Noticed Ijyb
  3495 | D:3      | Killed Ijyb
  3785 | D:3      | Reached skill level 5 in Stealth
  3785 | D:3      | Reached XP level 7. HP: 57/57 MP: 6/10
  4434 | D:4      | Found a shimmering blue altar of Sif Muna.
  4500 | D:4      | Found a staircase to the Ecumenical Temple.
  4537 | Temple   | Entered the Ecumenical Temple
  4765 | D:4      | Found a bloodstained altar of Trog.
  5106 | D:4      | Found a hazy altar of Hepliaklqana.
  5106 | D:4      | Found a sparkling altar of Nemelex Xobeh.
  5135 | D:4      | Reached skill level 6 in Unarmed Combat
  5327 | D:4      | Found a stormy altar of Qazlal.
  5329 | D:4      | Found a faded altar of an unknown god.
  5330 | D:4      | Found a faded altar of an unknown god.
  5390 | D:5      | Entered Level 5 of the Dungeon
  5443 | D:5      | Noticed Dowan
  5445 | D:5      | Noticed Duvessa
  5489 | D:5      | Found an opulent altar of Gozag.
  5544 | D:5      | Learned a level 4 spell: Ice Form
  5564 | D:5      | Noticed Edmund
  5585 | D:5      | Killed Edmund
  5585 | D:5      | Reached skill level 7 in Unarmed Combat
  5585 | D:5      | Reached XP level 8. HP: 37/64 MP: 9/11
  5878 | D:5      | Killed Duvessa
  5888 | D:5      | Killed Dowan
  5892 | D:5      | Reached skill level 8 in Unarmed Combat
  6362 | D:5      | Found a shadowy altar of Dithmenos.
  6452 | D:5      | Found a burning altar of Makhleb.
  6453 | D:5      | Found a shimmering altar of Xom.
  6841 | D:5      | Noticed Prince Ribbit
  6856 | D:5      | Killed Prince Ribbit
  6856 | D:5      | Reached skill level 5 in Transmutations
  7173 | D:6      | Found the +2 ratskin cloak {+Rats rPois rN+ Str-1 Int-1
                  | Dex+1}
  7504 | D:6      | Reached XP level 9. HP: 67/70 MP: 12/12
  7944 | D:6      | Reached skill level 1 in Ice Magic
  8049 | D:6      | Got a pitted marble ring
  8051 | D:6      | Identified the ring "Ynimido" {*Slow rElec MP+9 SInv} (You
                  | found it on level 6 of the Dungeon)
  8097 | D:6      | Found an ornate altar of the Wu Jian Council.
  8794 | D:7      | Noticed Pikel
  8824 | D:7      | Killed Pikel
  9596 | D:7      | Reached XP level 10. HP: 84/84 MP: 8/13
  9802 | D:7      | Found a snail-covered altar of Cheibriados.
  9870 | D:7      | Became a worshipper of Cheibriados the Contemplative
 10560 | D:8      | Found an iron altar of Okawaru.
 10600 | D:8      | Found a glowing silver altar of Zin.
 10664 | D:8      | Reached skill level 5 in Fighting
 10832 | D:8      | Noticed Psyche
 10841 | D:8      | Killed Psyche
 11082 | D:8      | Noticed a kobold demonologist
 11096 | D:8      | Killed a kobold demonologist
 11099 | D:8      | HP: 2/91 [scorpion (5)]
 11100 | D:8      | Slain by a hippogriff

Illustrated notes

Levels and vault maps discovered:
D:1:      minmay_arrival_shattered_statue, layout_basic, minmay_misc_feat_rows
D:2:      layout_loops_ring, grunt_temple_overflow_holy_war, uniq_terence,
          uniq_sigmund
D:3:      cheibrodos_old_hovel, layout_rooms, uniq_ijyb
D:4:      layout_rooms, chequers_temple_overflow_minitemple, old_standard_altar,
          overflow_temple_1_default, minmay_temple_entry_steel_oval,
          first_ration
D:5:      layout_loops_ring, grunt_temple_overflow_champion_of_chaos,
          nicolae_dithmenos_through_a_glass_darkly, grunt_gozag_breadcrumbs,
          dk_noncrumbling_3, minivault_5, uniq_duvessa, uniq_prince_ribbit1,
          uniq_edmund
D:6:      wander_guarded_unrand_ratskin, layout_basic, kennysheep_little_box
D:7:      layout_basic, cheibriados_altar_1, the_bakery, uniq_pikel
D:8:      layout_cave_pools, overflow_temple_1_default, basic_altar,
          gammafunk_ghost_hydra_chop, jmf_multi_god_temple2, uniq_psyche,
          uniq_joseph
Temple:   corrupted_temple

Skill      XL: |  1  2  3  4  5  6  7  8  9 10 |
---------------+-------------------------------+-----
Unarmed Combat | 4 5 7 8 |  8.0
Poison Magic   | 5 |  5.6
Stealth        | 5 6 |  6.0
Transmutations | 5 7 |  7.0
Ice Magic      | 6 |  6.4
Fighting       | 3 6 |  6.3
Dodging        | |  1.5
Spellcasting   | |  2.0

Action                   |  1- 3 |  4- 6 |  7- 9 | 10-12 || total
-------------------------+-------+-------+-------+-------++-------
Melee: Unarmed           |    70 |   100 |   397 |    79 ||   646
       Headbutt          |     5 |       |       |       ||     5
       Punch             |       |       |     3 |     2 ||     5
Throw: Dart              |       |     9 |     3 |     3 ||    15
 Cast: Beastly Appendage |     8 |     2 |       |       ||    10
       Sticks to Snakes  |       |     4 |     5 |       ||     9
       Spider Form       |       |     8 |    32 |     4 ||    44
       Ice Form          |       |       |     5 |     5 ||    10
 Abil: Spit Poison       |    11 |     9 |     4 |     1 ||    25
       Evoke Ratskin     |       |       |       |     2 ||     2
  Use: Potion            |       |       |       |     1 ||     1
 Stab: Sleeping          |     5 |     4 |    15 |     3 ||    27
       Distracted        |       |       |     2 |     2 ||     4
  Eat: Chunk             |     3 |     6 |    16 |     2 ||    27
       Ration            |       |       |     1 |     1 ||     2
Armor: Robe              |     6 |    12 |    39 |    10 ||    67
       Skin              |       |     1 |    15 |    10 ||    26
Dodge: Dodged            |    39 |    55 |   230 |    79 ||   403
